 Dungeon Crawl Stone Soup version 0.32-a0-361-g289a535e89 (webtiles) character file.

Game seed: 11625108312956064895

245 ytrimaz the Chopper (level 6, 0/44 HPs)
             Began as a Coglin Gladiator on Feb 18, 2024.
             Incinerated by a bombardier beetle (6 damage)
             ... with a burning spray
             ... on level 3 of the Dungeon.
             The game lasted 00:02:05 (1715 turns).

ytrimaz the Chopper (Coglin Gladiator)              Turns: 1715, Time: 00:02:06

Health: 0/44       AC:  9    Str: 17    XL:     6   Next: 10%
Magic:  6/6        EV: 12    Int:  7    God:
Gold:   102        SH:  0    Dex: 15    Spells: 5/5 levels left

rFire   . . .        a - +1 war axe {Kenji}
rCold   . . .        h - +3 dagger (elec) {Inés}
rNeg    . . .        b - +0 leather armour
rPois   .            c - +1 helmet
rElec   .            (no cloak)
rCorr   .            (no gloves)
SInv    .            (no boots)
Will    .....        (no amulet)
Stlth   +            g - +4 ring of protection
HPRegen 0.27/turn    (no ring)
MPRegen 0.10/turn

%: no passive effects
@: on fire, glowing, revving
A: off-hand wielding, slow wielding, warmup strikes, warmup strides
a: no special abilities


You were on level 3 of the Dungeon.
You visited 1 branch of the dungeon, and saw 3 of its levels.

You collected 102 gold pieces.


Innate Abilities, Weirdness & Mutations

You can wield a second weapon in your off-hand.
It takes a long time for you to wield or remove held weapons.
Your first few attacks do less damage.
Your first movements take longer.


   Skills:
 - Level 2.0 Fighting
 + Level 5.1 Axes
 - Level 1.7 Throwing
 + Level 3.5 Armour
 - Level 2.6 Dodging


You had 5 spell levels left.
You didn't know any spells.
Your spell library was empty.

Inventory:

Hand Weapons
 a - a +1 war axe (weapon) {Kenji}
 h - a +3 dagger of electrocution (worn) {Inés}
   (You took it off a goblin on level 1 of the Dungeon)
Missiles
 d - 3 throwing nets (quivered)
 e - a javelin
Armour
 b - a +0 leather armour (worn)
 c - a +1 helmet (worn)
Jewellery
 g - a +4 ring of protection (left grasper)
   (You found it on level 1 of the Dungeon)
Wands
 m - a wand of flame (29)
   (You found it on level 2 of the Dungeon)
Potions
 f - 3 potions of haste {unknown}
 n - a potion of curing {unknown}
 o - a potion of attraction {unknown}

Dungeon Overview and Level Annotations

Branches:
Dungeon (3/15) Zot: 16178

Altars:

###########
#.......... #
#.......... ...
#......!...
.....#####..........
.........)@)........
......####.)).......
..... #..........
...( #.######### ...
#.# ## #.# .####
##.# ......#..#
#....<##


There were no monsters in sight!


Message History

Unknown command.
You are too injured to fight recklessly!
The endoplasm jiggles.
The endoplasm freezes you.
You are frozen.
The orc closely misses you. The orc barely misses you.
The endoplasm hits you but does no damage.
The orc priest shouts, "The Pantheon deserves no one's loyalty.
Let us show you the true path!" x2 (press Y on the ability menu to convert to Beogh)
Items here: ))) [. 😮 HP[-2]
You take 2 damage, and now have 24/38 hp.
You hit the orc priest with your +3 dagger of electrocution.
The orc priest threatens, "Beogh's wrath is as vast as their mercy.
Make your choice!"
You slash the orc priest with your +1 war axe!
The orc priest shouts, "Beogh offers mercy even to people such as you.
Join us and be reborn!"
You barely miss the orc with your +1 war axe.
You hit the endoplasm with your +1 war axe.
The orc hits you but does no damage.
The orc priest begins to cast a cantrip, but forgets the words!
The endoplasm freezes you.
You are frozen.
You are too injured to fight recklessly! 😮 HP[-3]
You take 3 damage, and now have 21/38 hp.
You hit the orc priest with your +3 dagger of electrocution.
Lightning courses through the orc priest!
You kill the orc priest!
You closely miss the orc with your +1 war axe.
You hit the endoplasm with your +1 war axe.
You kill the endoplasm!
The orc barely misses you.
Unknown command.
The orc barely misses you. The orc hits you but does no damage.
You see here a +0 mace. 😮 HP[+1]
An orc is nearby!
You are too injured to fight recklessly!
Unknown command.
You are too injured to fight recklessly!
The orc closely misses you.
Items here: ))) [.
Unknown command.
You hit the orc with your +1 war axe.
You kill the orc!
Unknown command.
A bombardier beetle comes into view.
Things that are here:
a +0 short sword; a +0 leather armour; an orc corpse 😮 HP[+1]
A bombardier beetle is nearby!
A bombardier beetle is nearby!
Unknown command.
You are too injured to fight recklessly!
Things that are here:
a +0 club; an orc corpse 😮 HP[+1]
You hit the bombardier beetle with your +1 war axe.
You hit the bombardier beetle with your +3 dagger of electrocution.
The bombardier beetle sprays incendiary fluid at you.
The burning spray hits you.
You are covered in liquid fire!
Unknown command.
You hit the bombardier beetle with your +3 dagger of electrocution.
You slash the bombardier beetle with your +1 war axe!
The liquid fire burns you!
The bombardier beetle sprays incendiary fluid at you.
The burning spray hits you.
You are even more covered in liquid fire! 😮 HP[-3]
You take 3 damage, and now have 21/38 hp.
Unknown command.
You hit the bombardier beetle with your +1 war axe.
You kill the bombardier beetle!
The liquid fire burns you!
* * * LOW HITPOINT WARNING * * *
Your Axes skill increases to level 5!
You have reached level 6! 😨 HP[-3] MP[+1]
You now have 44 max hp (+6).
Your mp is fully restored (6).
You shake off some of the fire as you move.
The liquid fire burns you!
* * * LOW HITPOINT WARNING * * *
😨 HP[-6]
You take 6 damage, and now have 12/44 hp.
You shake off some of the fire as you move.
The liquid fire burns you!
* * * LOW HITPOINT WARNING * * *
😱 HP[-4]
You take 4 damage, and now have 8/44 hp.
Unknown command.
You shake off some of the fire as you move.
The liquid fire burns you!
* * * LOW HITPOINT WARNING * * *
You feel your willpower return.
Things that are here:
a +0 club; an orc corpse; 😱 HP[-2]
You take 2 damage, and now have 6/44 hp.
You shake off some of the fire as you move.
The liquid fire burns you!
You die...

Skill      XL: |  1  2  3  4  5 |
---------------+----------------+-----
Armour         | 1 2 3 |  3.5
Axes           | 4 5 |  5.1
Fighting       | |  2.0
Throwing       | |  1.7
Dodging        | |  2.6

Action                     |  1- 3 |  4- 6 || total
---------------------------+-------+-------++-------
  Melee: War axe           |    59 |    58 ||   117
         Dagger            |    26 |    59 ||    85
    Use: Scroll            |       |     4 ||     4
 Armour: Leather armour    |    48 |    72 ||   120
  Dodge: Dodged            |    51 |    59 ||   110

Levels and vault maps discovered:
D:1:      ebering_trefoil_twist, layout_rooms, hangedman_abyss_or_decor_stabs,
          hangedman_decor_lopped, kennysheep_nondescript, nrook_uturn
D:2:      layout_loops_corners, wander_ebering_terrifying_dragon_lair
D:3:      layout_rooms, nicolae_tso_carved_into_rock, columned_hall_lemuel

Notes
Turn   | Place    | Note
-------+----------+-------------------------------------------
     0 | D:1      | ytrimaz the Coglin Gladiator began the quest for the Orb.
     0 | D:1      | Reached XP level 1. HP: 16/16 MP: 1/1
     0 | D:1      | magus.rc [v1.9.6]
    68 | D:1      | Reached skill level 1 in Armour
    68 | D:1      | Reached XP level 2. HP: 20/22 MP: 2/2
    97 | D:1      | Reached XP level 3. HP: 26/27 MP: 3/3
   442 | D:1      | Reached skill level 2 in Armour
   634 | D:2      | Identified the orb "Jen Nics" {*Rage, Harm rPois}
   724 | D:2      | Reached XP level 4. HP: 33/33 MP: 4/4
   767 | D:2      | Reached skill level 4 in Axes
  1448 | D:2      | Reached XP level 5. HP: 34/38 MP: 5/5
  1456 | D:2      | Reached skill level 3 in Armour
  1712 | D:3      | Reached skill level 5 in Axes
  1712 | D:3      | Reached XP level 6. HP: 18/44 MP: 6/6
  1713 | D:3      | HP: 7/44 [burnt (5)]
  1715 | D:3      | Incinerated by a bombardier beetle

Vanquished Creatures
  2 orc priests
  A bombardier beetle (D:3)
  An orc wizard (D:2)
  An adder (D:2)
  2 dart slugs (D:2)
  A ribbon worm (D:2)
  6 orcs
  3 ball pythons
  6 endoplasms
  2 giant cockroaches
  11 goblins
  3 hobgoblins (D:1)
  4 jackals (D:1)
  3 kobolds
  A quokka (D:1)
  6 bats
  4 frilled lizards
  7 rats
64 creatures vanquished.

Table legend:
 A = Non-vault XP
 B = Vault XP
 C = Vault XP percentage of total XP
 D = Non-vault monster count
 E = Vault monster count
 F = Vault count percentage of total count
                 A         B        C        D         E       F
            +---------+---------+-------+---------+---------+-------
      Total |     348 |       2 |   0.6 |      63 |       1 |   1.6
            +---------+---------+-------+---------+---------+-------
        D:1 |      71 |       0 |   0.0 |      27 |       0 |   0.0
        D:2 |     170 |       2 |   1.2 |      28 |       1 |   3.4
        D:3 |     107 |       0 |   0.0 |       8 |       0 |   0.0
            +---------+---------+-------+---------+---------+-------

Skill      XL: |  1  2  3  4  5 |
---------------+----------------+-----
Armour         | 1 2 3 |  3.5
Axes           | 4 5 |  5.1
Fighting       | |  2.0
Throwing       | |  1.7
Dodging        | |  2.6

Action                     |  1- 3 |  4- 6 || total
---------------------------+-------+-------++-------
  Melee: War axe           |    59 |    58 ||   117
         Dagger            |    26 |    59 ||    85
    Use: Scroll            |       |     4 ||     4
 Armour: Leather armour    |    48 |    72 ||   120
  Dodge: Dodged            |    51 |    59 ||   110

Illustrated notes

Table legend:
 A = Kills in this place as a percentage of kills in the entire game.
 B = Kills by you in this place as a percentage of kills by you in the entire game.
 C = Kills by friends in this place as a percentage of kills by friends in the entire game.
 D = Other kills in this place as a percentage of other kills in the entire game.
 E = Experience gained in this place as a percentage of experience gained in the entire game.
 F = Experience gained in this place divided by the number of levels of this place that you have seen.
                   A       B       C       D       E      F
               +-------+-------+-------+-------+-------+----------------------
         Total | 100.0 | 100.0 |   N/A |   N/A | 100.0 | 116.7
       Dungeon | 100.0 | 100.0 |   N/A |   N/A | 100.0 | 116.7
               +-------+-------+-------+-------+-------+----------------------

Table legend: (Time is in decaauts)
 A = Elapsed time spent in this place.
 B = Non-inter-level travel time spent in this place.
 C = Inter-level travel time spent in this place.
 D = Time resting spent in this place.
 E = Time spent auto-exploring this place.
 F = Levels seen in this place.
 G = Mean time per level.
                   A        B        C        D        E       F      G
               +--------+--------+--------+--------+--------+-----+--------+
         Total |   1821 |   1791 |     30 |     31 |   1374 |   3 |  607.0 |
       Dungeon |   1821 |   1791 |     30 |     31 |   1374 |   3 |  607.0 |
               +--------+--------+--------+--------+--------+-----+--------+

Top non-repeatable levels by time:
     D:2: 1139 daAuts
     D:1: 649 daAuts
     D:3: 32 daAuts
